 Dungeon Crawl Stone Soup version 0.30.0 (webtiles) character file.

Game seed: 9965553524528093482

77 Exaltedone87 the Cudgeller (level 4, 0/34 HPs)
             Began as a Demonspawn Gladiator on May 6, 2023.
             Slain by a water moccasin (7 damage)
             ... on level 3 of the Dungeon.
             The game lasted 00:03:04 (1606 turns).

Exaltedone87 the Cudgeller (Demonspawn Gladiator)   Turns: 1606, Time: 00:03:05

Health: 0/34       AC:  4    Str: 17    XL:     4   Next: 14%
Magic:  4/4        EV: 12    Int:  9    God:
Gold:   162        SH:  0    Dex: 14    Spells: 3/3 levels left

rFire   . . .        a - +0 flail
rCold   + . .        (no shield)
rNeg    . . .        b - +0 leather armour
rPois   .            c - +0 helmet
rElec   .            (no cloak)
rCorr   .            (no gloves)
SInv    .            (no boots)
Will    .....        (no amulet)
Stlth   +            m - ring of protection from cold
HPRegen 0.25/turn    w - +4 ring of slaying
MPRegen 0.09/turn

%: no passive effects
@: lethally poisoned (0 -> -21)
A: claws 1, demonic magic 2
a: no special abilities


You were on level 3 of the Dungeon.
You visited 1 branch of the dungeon, and saw 3 of its levels.

You collected 162 gold pieces.

Inventory:

Hand Weapons
 a - a +0 flail (weapon)
Missiles
 d - 3 throwing nets (quivered)
 e - a javelin
Armour
 b - a +0 leather armour (worn)
 c - a +0 helmet (worn)
 n - a +1 chain mail
Jewellery
 h - a ring of wizardry
 m - a ring of protection from cold (left claw)
 s - a ring of see invisible
 w - a +4 ring of slaying (right claw)
 x - a +6 ring of dexterity
Wands
 o - a wand of digging (4)
 p - a wand of charming (11)
 r - a wand of flame (17)
Scrolls
 i - a scroll of noise {unknown}
 t - a scroll of teleportation {unknown}
 v - a scroll of poison {unknown}
Potions
 f - 2 potions of might
 g - a potion of haste
 j - a potion of resistance
 k - a potion of brilliance {unknown}
 l - a potion of mutation
 q - a potion of heal wounds {unknown}
 u - a potion of curing {unknown}


   Skills:
 + Level 2.5 Fighting
 * Level 3.5 Maces & Flails
 + Level 2.4 Throwing
 + Level 3.1 Dodging


You had 3 spell levels left.
You didn't know any spells.
Your spell library contained the following spells:

 Spells                   Type           Power      Damage    Failure   Level
 Beastly Appendage        Tmut           0%         N/A       45%         1
 Ensorcelled Hibernation  Hex/Ice        0%         N/A       58%         2
 Lesser Beckoning         Tloc           0%         N/A       58%         2
 Wereblood                Tmut           0%         N/A       58%         2
 Gell's Gravitas          Tloc           0%         N/A       83%         3
 Spider Form              Tmut/Pois      0%         N/A       83%         3
 Teleport Other           Tloc           0%         N/A       83%         3
 Anguish                  Hex/Necr       0%         N/A       99%         4
 Summon Ice Beast         Ice/Summ       0%         N/A       99%         4
 Summon Mana Viper        Hex/Summ       0%         N/A       100%        5
 Monstrous Menagerie      Summ           0%         N/A       100%        7


Dungeon Overview and Level Annotations

Branches:
Dungeon (3/15)

Altars:
Qazlal

Shops:
D:1 (


Innate Abilities, Weirdness & Mutations

You have sharp fingernails.
Spells you cast may paralyse nearby enemies.


Message History

The ball python bites you but does no damage.
The ball python grabs you. The ball python constricts you.
You hit the ball python.
You kill the ball python!
Things that are here:
a +0 club; a +0 leather armour
x - a +6 ring of dexterity You now have 162 gold pieces (gained 9).
Things that are here:
a +0 club; a +0 leather armour You pick up a book of Dreams and begin reading...
You add the spells Ensorcelled Hibernation and Anguish to your library.
A water moccasin comes into view.
Found 6 stones.
The water moccasin hisses angrily.
A goblin comes into view. It is wielding a +2 dagger of speed.
The goblin shouts!
The water moccasin bites you.
You hit the water moccasin. Your claw misses the water moccasin.
The water moccasin is lightly wounded.
The water moccasin bites you.
You are poisoned.
The water moccasin poisons you! The water moccasin closely misses you.
You completely miss the water moccasin.
The water moccasin is lightly wounded.
You feel very sick.
The water moccasin bites you but does no damage.
You miss the water moccasin.
The water moccasin is lightly wounded.
You feel sick. The water moccasin bites you.
You are more poisoned.
The water moccasin poisons you! The water moccasin bites you.
You are more poisoned.
The water moccasin poisons you!
You miss the water moccasin.
The water moccasin is lightly wounded.
* * * LOW HITPOINT WARNING * * *
You feel extremely sick. The water moccasin misses you.
The water moccasin bites you!
You die...

P..PP..........#
P..P...........
P..PP..#.....### .##
P..PP..#......... ..
PP..PP.#.##.....##.#####
PP..P....+.....+.......
P..P..g##.....#.....#
PP..P.#S##.....#.....+
P..PP.#@####>........#
PP..P..#.#.......#
P..PP..#.#.......#
P..P...#.#.......#
P..P...#.#.......#
P..P.###......[.<#
P..PP.......#####.#
P..P........# #.#
P..PP........# #.#


You could see a water moccasin and a goblin.

Vanquished Creatures
  2 adders (D:2)
  A gnoll (D:1)
  A worm (D:2)
  A dart slug (D:1)
  An orc (D:3)
  2 endoplasms (D:1)
  A giant cockroach (D:2)
  4 goblins
  7 hobgoblins
  4 jackals (D:2)
  A kobold (D:1)
  2 quokkas
  2 ball pythons
  3 bats (D:1)
  2 frilled lizards (D:2)
  6 rats
40 creatures vanquished.

Notes
Turn   | Place    | Note
-------+----------+-------------------------------------------
     0 | D:1      | Exaltedone87 the Demonspawn Gladiator began the quest for
                  | the Orb.
     0 | D:1      | Reached XP level 1. HP: 16/16 MP: 1/1
   162 | D:1      | Found Mep Gori's Weapon Shoppe.
   190 | D:1      | Gained mutation: Spells you cast may paralyse adjacent
                  | enemies. [demonic ancestry]
   190 | D:1      | Reached XP level 2. HP: 20/22 MP: 2/2
   605 | D:1      | Gained mutation: Spells you cast may paralyse nearby
                  | enemies. [demonic ancestry]
   605 | D:1      | Reached XP level 3. HP: 28/28 MP: 3/3
   973 | D:2      | Found a faded altar of an unknown god.
  1366 | D:2      | Gained mutation: You have sharp fingernails. [demonic
                  | ancestry]
  1366 | D:2      | Reached XP level 4. HP: 31/34 MP: 4/4
  1556 | D:3      | Found a stormy altar of Qazlal.
  1593 | D:3      | Noticed a water moccasin
  1606 | D:3      | Slain by a water moccasin

Illustrated notes

Levels and vault maps discovered:
D:1:      dpeg_arrival_subterranean_lakeside_camping, layout_basic,
          serial_shops, nicolae_shop_statue_plus
D:2:      layout_basic, chequers_ecumenical_altar_island
D:3:      layout_basic, trog_book, mainiacjoe_overflow_catch_the_wave,
          uniq_terence

Skill      XL: |  1  2  3 |
---------------+----------+-----
Maces & Flails | 3 |  3.5
Throwing       | 2 |  2.4
Dodging        | 3 |  3.1
Fighting       | |  2.5

Action                     |  1- 3 |  4- 6 || total
---------------------------+-------+-------++-------
  Melee: Flail             |   111 |     9 ||   120
    Use: Scroll            |     4 |     1 ||     5
         Potion            |     1 |       ||     1
   Stab: Sleeping          |     1 |       ||     1
 Armour: Leather armour    |    34 |     3 ||    37
  Dodge: Dodged            |    96 |     5 ||   101
